 Dungeon Crawl Stone Soup version 0.30-a0-374-g95c0257040 (webtiles) character file.

Game seed: 8030585953687511380

979 arthad the Firebug (level 8, -4/46 HPs)
             Began as an Octopode Fire Elementalist on Nov 26, 2022.
             Slain by a gnoll
             ... wielding a +0 halberd
              (7 damage)
             ... on level 5 of the Dungeon.
             The game lasted 00:16:54 (5206 turns).

arthad the Firebug (Octopode Fire Elementalist)     Turns: 5206, Time: 00:16:55

Health: -4/46      AC:  1    Str:  7    XL:     8   Next: 17%
Magic:  12/23      EV: 13    Int: 20    God:
Gold:   176        SH:  0    Dex: 12    Spells: 2/15 levels left

rFire   + . .      SeeInvis .    (no weapon)
rCold   x . .      Faith    .    (no shield)
rNeg    . . .      Spirit   .    (helmet restricted)
rPois   .          Reflect  .    (no amulet)
rElec   .          Harm     .    b - ring of fire
rCorr   .          Rampage  .    s - ring of magical power
Will    .....                    (no ring)
Stlth   ++++......               (no ring)
HPRegen 0.27/turn                (no ring)
MPRegen 0.18/turn                (no ring)
                                 (no ring)
                                 (no ring)

@: no status effects
A: almost no armour, amphibious, 8 rings, camouflage 1, gelatinous body 1,
(nimble swimmer 1), tentacles
a: no special abilities


You were on level 5 of the Dungeon.
You visited 1 branch of the dungeon, and saw 5 of its levels.

You collected 176 gold pieces.

Inventory:

Hand Weapons
 r - a +0 sling
Missiles
 i - 14 poisoned darts
 p - 6 boomerangs of dispersal
Armour
 k - a +0 buckler
Jewellery
 b - a ring of fire (left tentacle)
 s - a ring of magical power (right tentacle)
Scrolls
 c - 3 scrolls of teleportation
 d - a scroll of acquirement {unknown}
 f - 2 scrolls of magic mapping {unknown}
 g - 2 scrolls of poison {unknown}
 h - 2 scrolls of enchant armour {unknown}
 l - 3 scrolls of identify {unknown}
 q - a scroll of immolation {unknown}
Potions
 a - 2 potions of magic
 e - a potion of degeneration {unknown}
 j - a potion of cancellation {unknown}
 m - a potion of berserk rage {unknown}
 n - a potion of heal wounds {unknown}
 o - a potion of curing {unknown}


   Skills:
 - Level 0.1 Fighting
 + Level 3.2 Dodging
 + Level 4.6 Stealth
 - Level 0.4 Unarmed Combat
 * Level 4.4 Spellcasting
 * Level 3.9 Conjurations
 + Level 2.1 Translocations
 * Level 5.4 Fire Magic
 + Level 1.9 Air Magic


You had 2 spell levels left.
You knew the following spells:

 Your Spells              Type           Power      Damage    Failure   Level
a - Foxfire               Conj/Fire      100%       2x1d9     1%          1
b - Scorch                Fire           78%        2d8       1%          2
c - Kindle Blastsparks    Fire/Tloc/Air  50%        2d14      10%         3
d - Inner Flame           Hex/Fire       23%        N/A       12%         3
e - Flame Wave            Conj/Fire      34%        2d10      19%         4

Your spell library contained the following spells:

 Spells                   Type           Power      Damage    Failure   Level
 Freeze                   Ice            16%        1d4       12%         1
 Hailstorm                Conj/Ice       12%        3d5       16%         3
 Frozen Ramparts          Ice            8%         1d2       36%         3


Dungeon Overview and Level Annotations

Branches:
Dungeon (5/15)
 Temple: D:4-7

Altars:
Dithmenos
Qazlal

Shops:
D:4 (


Innate Abilities, Weirdness & Mutations

You cannot wear most types of armour.
You are amphibious.
You can wear up to eight rings at the same time.
Your skin changes colour to match your surroundings (Stealth+).
Your rubbery body absorbs attacks. (AC +1, EV +1)
((You are camouflaged when in or above water. (Stealth+)))
You have tentacles for arms and can constrict up to eight enemies at once.


Message History

Casting: Foxfire (safe; 1% risk of failure)
Confirm with . or Enter, or press ? or * to list all spells.
You feel a surge of power!
Flames lash the gnoll.
The gnoll is heavily wounded.
The gnoll's fire resistance burns away.
The foxfire hits the iguana.
The iguana is moderately wounded.
The foxfire hits the iguana but does no damage.
The iguana is moderately wounded.
The iguana barely misses you. The gnoll misses you.
The gnoll closely misses you. The gnoll barely misses you.
Unknown command.
Unknown command.
Casting: Scorch (safe; 1% risk of failure)
Confirm with . or Enter, or press ? or * to list all spells.
You feel a surge of power!
You conjure some foxfire!
The iguana barely misses you. The gnoll barely misses you.
The gnoll hits you with a +0 flail! The gnoll closely misses you.
Unknown command.
Unknown command.
Unknown command.
Casting: Foxfire (safe; 1% risk of failure)
Confirm with . or Enter, or press ? or * to list all spells.
You feel a surge of power!
Flames lash the iguana.
You kill the iguana!
The foxfire hits the gnoll.
The gnoll is moderately wounded.
The foxfire hits the gnoll.
The gnoll is heavily wounded.
The gnoll barely misses you. The gnoll hits you with a +0 whip!
* * * LOW HITPOINT WARNING * * *
The gnoll closely misses you.
Unknown command.
Casting: Scorch (safe; 1% risk of failure)
Confirm with . or Enter, or press ? or * to list all spells.
You feel a surge of power!
You conjure some foxfire!
The gnoll is no longer more vulnerable to fire.
The gnoll hits you with a +0 flail.
* * * LOW HITPOINT WARNING * * *
The gnoll hits you from afar with a +0 halberd!
You die...

........#.#.###.#
#.#......#.# #.#
#........#.# #.#
...#.......# #.#
#.#######.##### #.#
#.........# #.#
#########.# #.######
##v## #......# #.v@#
#.####.# #..g†g#
#......# #.....g.#
#.#.#..#
#.........###......####
+.........+............
#.........####....#####
##.......## ##.#.#
##.....## ###.# #.#


You could see 3 gnolls.

Vanquished Creatures
  A black bear (D:5)
  An ogre (D:4)
  A phantom (D:4)
  A necrophage (D:4)
  5 scorpions
  A howler monkey (D:4)
  2 jellies (D:4)
  2 iguanas (D:5)
  An orc wizard (D:4)
  A hound zombie (D:2)
  7 adders
  A worm (D:3)
  A dart slug (D:2)
  15 orcs
  8 endoplasms
  3 giant cockroaches
  7 goblins
  4 hobgoblins
  3 jackals
  5 quokkas
  8 ball pythons
  A ball python skeleton (D:2)
  6 bats
  2 frilled lizards
  6 kobolds
  3 rats
96 creatures vanquished.

Vanquished Creatures (others)
  184 foxfires
184 creatures vanquished.

Grand Total: 280 creatures vanquished

Notes
Turn   | Place    | Note
-------+----------+-------------------------------------------
     0 | D:1      | arthad the Octopode Fire Elementalist began the quest for
                  | the Orb.
     0 | D:1      | Reached XP level 1. HP: 11/11 MP: 3/3
   250 | D:1      | Reached XP level 2. HP: 17/17 MP: 3/5
  1152 | D:2      | Reached XP level 3. HP: 14/21 MP: 2/6
  1859 | D:2      | Reached skill level 4 in Fire Magic
  2031 | D:3      | Reached XP level 4. HP: 27/27 MP: 4/8
  2103 | D:3      | Found a stormy altar of Qazlal.
  2103 | D:3      | Found a shadowy altar of Dithmenos.
  2190 | D:3      | Noticed a scorpion
  2201 | D:3      | Killed a scorpion
  2202 | D:3      | Reached XP level 5. HP: 30/31 MP: 3/9
  2205 | D:3      | Learned a level 2 spell: Scorch
  2209 | D:3      | Learned a level 3 spell: Kindle Blastsparks
  3457 | D:4      | Reached XP level 6. HP: 36/36 MP: 5/11
  3702 | D:4      | Reached skill level 1 in Translocations
  3790 | D:4      | Reached skill level 1 in Air Magic
  3933 | D:4      | Reached XP level 7. HP: 41/41 MP: 7/12
  4036 | D:4      | Found Ustrak's Weapon Boutique.
  4056 | D:4      | Reached skill level 5 in Fire Magic
  4670 | D:5      | Entered Level 5 of the Dungeon
  4784 | D:5      | Learned a level 3 spell: Inner Flame
  4789 | D:5      | Learned a level 4 spell: Flame Wave
  4825 | D:5      | Reached XP level 8. HP: 27/46 MP: 12/14
  5206 | D:5      | Slain by a gnoll

Illustrated notes

Levels and vault maps discovered:
D:1:      minmay_arrival_doors, layout_loops_corners, hangedman_decor_push,
          minivault_26
D:2:      layout_loops_ring, serial_undead, serial_undead_e, serial_undead_a,
          serial_undead_f, serial_undead_f
D:3:      minmay_skewed_foursquare, layout_basic, jmf_multi_god_temple,
          serial_park_tiny_pond
D:4:      layout_basic, serial_shops, shop
D:5:      layout_loops_corners

Skill      XL: |  1  2  3  4  5  6  7 |
---------------+----------------------+-----
Fire Magic     | 4 5 |  5.4
Stealth        | 3 4 |  4.6
Spellcasting   | 3 4 |  4.4
Conjurations   | 2 3 |  3.9
Translocations | 1 2 |  2.1
Air Magic      | 1 |  1.9
Dodging        | 3 |  3.2
Fighting       | |  0.1
Unarmed Combat | |  0.4

Action                   |  1- 3 |  4- 6 |  7- 9 || total
-------------------------+-------+-------+-------++-------
Melee: Unarmed           |    21 |    15 |     1 ||    37
       Constrict         |     8 |     3 |     1 ||    12
       Tentacles         |     6 |     1 |       ||     7
Throw: Dart              |       |     3 |       ||     3
 Cast: Foxfire           |    44 |    39 |    25 ||   108
       Scorch            |       |    31 |    23 ||    54
  Use: Scroll            |       |     1 |       ||     1
 Stab: Sleeping          |     1 |       |       ||     1
Armor: Skin              |     2 |     5 |     2 ||     9
Dodge: Dodged            |    22 |    30 |    23 ||    75

Table legend: (Time is in decaauts)
 A = Elapsed time spent in this place.
 B = Non-inter-level travel time spent in this place.
 C = Inter-level travel time spent in this place.
 D = Time resting spent in this place.
 E = Time spent auto-exploring this place.
 F = Levels seen in this place.
 G = Mean time per level.
                   A        B        C        D        E       F      G
               +--------+--------+--------+--------+--------+-----+--------+
         Total |   5205 |   5054 |    151 |    675 |   3729 |   5 | 1041.0 |
       Dungeon |   5205 |   5054 |    151 |    675 |   3729 |   5 | 1041.0 |
               +--------+--------+--------+--------+--------+-----+--------+

Top non-repeatable levels by time:
     D:3: 1452 daAuts
     D:4: 1223 daAuts
     D:1: 1118 daAuts
     D:2: 875 daAuts
     D:5: 535 daAuts
